 Dungeon Crawl Stone Soup version 0.23.0 (webtiles) character file.

Game seed: 9709208292898479180

773 MeBeSleepy the Chopper (level 7, -1/62 HPs)
             Began as a Deep Dwarf Fighter on Feb 8, 2019.
             Was an Initiate of Ashenzari.
             Slain by a hound zombie (2 damage)
             ... on level 5 of the Dungeon.
             The game lasted 00:34:43 (4964 turns).

MeBeSleepy the Chopper (Deep Dwarf Fighter)         Turns: 4964, Time: 00:34:43

Health: -1/62      AC: 14    Str: 20    XL:     7   Next: 53%
Magic:  5/5        EV:  6    Int:  9    God:    Ashenzari [......]
Gold:   179        SH:  0    Dex: 13    Spells: 6/6 levels left

rFire    . . .     SeeInvis .   a - +1 war axe
rCold    . . .     Gourm    .   (no shield)
rNeg     . . .     Faith    .   s - +0 plate armour
rPois    .         Spirit   .   g - +1 helmet
rElec    .         Reflect  .   (no cloak)
rCorr    .         Harm     .   (no gloves)
MR       +....                  (no boots)
Stlth    ..........             (no amulet)
HPRegen  0.00/turn              i - ring of stealth
MPRegen  0.09/turn              (no ring)

@: non-regenerating
A: damage resistance, heal wounds, sense surroundings 1, no regeneration
a: Heal Wounds, Curse Item, Renounce Religion


You were on level 5 of the Dungeon.
You worshipped Ashenzari.
Ashenzari was noncommittal.
You were hungry.

You visited 2 branches of the dungeon, and saw 6 of its levels.

You collected 179 gold pieces.

Inventory:

Hand Weapons
 a - a +1 war axe (weapon)
 j - a +2 battleaxe of chopping
 k - a +1 falchion of slicing
 z - a +1 trident of venom
Missiles
 o - 132 arrows
 r - 15 bolts
Armour
 c - a +1 shield
 g - a +1 helmet (worn)
 s - a +0 plate armour (worn)
 u - a +0 chain mail
Jewellery
 i - a ring of stealth (left hand)
Wands
 e - a wand of clouds (14)
 m - a wand of digging (3)
 t - a wand of enslavement (14)
Scrolls
 b - 2 scrolls of identify
 n - 5 scrolls of teleportation
 q - a scroll of remove curse
 w - 2 scrolls of enchant armour
 y - a scroll of enchant weapon
Potions
 d - 3 potions of might
 h - a potion of agility
 l - a potion of magic
 p - a potion of flight
 v - a potion of berserk rage {unknown}
 x - a potion of resistance
 A - 2 potions of cancellation {unknown}
Comestibles
 f - 2 rations


   Skills:
 + Level 3.6 Fighting
 + Level 6.0 Axes
 + Level 5.8 Armour
 + Level 1.0 Dodging
 + Level 1.1 Stealth
 + Level 5.3 Shields


You had 6 spell levels left.
You didn't know any spells.
Your spell library contained the following spells:

 Spells                   Type           Power        Failure   Level  Hunger
 Animate Skeleton         Necr           N/A          100%        1    ##.....
 Apportation              Tloc           #.....       100%        1    ##.....
 Confusing Touch          Hex            #.....       100%        1    ##.....
 Summon Small Mammal      Summ           #...         100%        1    ##.....


Dungeon Overview and Level Annotations

Branches:
Dungeon (5/15)             Temple (1/1) D:5

Altars:
Ashenzari
Cheibriados
Dithmenos
Elyvilon
Fedhas
Gozag
Hepliaklqana
Kikubaaqudgha
Makhleb
Nemelex Xobeh
Okawaru
Qazlal
Ru
Sif Muna
Trog
Uskayaw
Vehumet
Xom
Zin
The Shining One


Innate Abilities, Weirdness & Mutations

You are resistant to damage.
You can heal yourself by infusing magical energy.
You passively map a small area around you.
You do not regenerate.


Message History

The hound zombie bites you but does no damage.
The hound zombie bites you but does no damage.
The hound zombie barely misses you.
The hound zombie bites you but does no damage. x2
The hound zombie bites you but does no damage.
The hound zombie bites you but does no damage.
The hound zombie barely misses you. The hound zombie bites you.
The hound zombie bites you but does no damage.
The hound zombie bites you but does no damage.
The hound zombie bites you but does no damage.
The hound zombie closely misses you.
The hound zombie bites you but does no damage.
You are feeling hungry.
The hound zombie bites you but does no damage.
The hound zombie bites you but does no damage.
The hound zombie barely misses you.
The hound zombie bites you but does no damage.
The hound zombie bites you but does no damage.
The hound zombie bites you.
You die...

, ... #.#
#.# * ##.
* #.#
#.### #.#
#.... ,
#.# #####
* #.# * *
#.# , #.#
#.######.#
*
#......Z@#
##########


You could see a hound zombie.

Vanquished Creatures
  An ogre (D:4)
  A centaur (D:5)
  A scorpion (D:4)
  3 hounds
  A bullfrog zombie (D:5)
  2 orc priests
  Natasha (thrice) (D:2)
  Terence (D:2)
  A worker ant (D:4)
  An ogre zombie (D:5)
  6 gnolls
  A howler monkey skeleton (D:4)
  An orc zombie (D:5)
  3 adders
  A gnoll zombie (D:5)
  A shadow imp (D:5)
  An ooze (D:2)
  9 worms
  2 dart slugs (D:1)
  3 leopard geckos
  7 orcs
  7 bats
  4 giant cockroaches
  5 goblins
  6 hobgoblins
  4 jackals (D:1)
  9 kobolds
  A quokka (D:2)
  A ball python (D:2)
  5 frilled lizards
  2 quokka skeletons (D:4)
  A quokka zombie (D:5)
  5 rats
100 creatures vanquished.

Notes
Turn   | Place    | Note
-------+----------+-------------------------------------------
     0 | D:1      | MeBeSleepy the Deep Dwarf Fighter began the quest for the
                  | Orb.
     0 | D:1      | Reached XP level 1. HP: 20/20 MP: 1/1
    87 | D:1      | Reached XP level 2. HP: 20/27 MP: 2/2
   239 | D:1      | Reached XP level 3. HP: 34/34 MP: 3/3
   687 | D:2      | Noticed Terence
   702 | D:2      | Killed Terence
   702 | D:2      | Reached XP level 4. HP: 39/42 MP: 4/4
   777 | D:2      | Reached skill level 3 in Axes
  1320 | D:2      | Noticed Natasha
  1327 | D:2      | Killed Natasha
  1352 | D:2      | Found a shimmering altar of Xom.
  1465 | D:2      | Noticed Natasha
  1471 | D:2      | Killed Natasha
  1471 | D:2      | Reached XP level 5. HP: 40/49 MP: 5/5
  1685 | D:2      | Noticed Natasha
  1698 | D:2      | Killed Natasha
  1777 | D:3      | Reached skill level 4 in Axes
  1785 | D:3      | Found a glowing drain.
  2616 | D:4      | Noticed an ogre
  2629 | D:4      | Killed an ogre
  2629 | D:4      | Reached XP level 6. HP: 19/56 MP: 6/6
  2676 | D:4      | Reached skill level 5 in Armour
  2698 | D:4      | Reached skill level 1 in Dodging
  2724 | D:4      | Reached skill level 5 in Axes
  2758 | D:4      | Reached XP level 7. HP: 31/62 MP: 6/6
  2834 | D:4      | Found an iron altar of Okawaru.
  3084 | D:5      | Entered Level 5 of the Dungeon
  3137 | D:5      | Found a staircase to the Ecumenical Temple.
  3201 | Temple   | Entered the Ecumenical Temple
  3219 | Temple   | Became a worshipper of Ashenzari the Shackled
  3597 | D:5      | Reached skill level 5 in Shields
  3832 | D:5      | Found a blossoming altar of Fedhas.
  3839 | D:5      | Found a bloodstained altar of Trog.
  3841 | D:5      | Found an ancient bone altar of Kikubaaqudgha.
  3849 | D:5      | Found a hazy altar of Hepliaklqana.
  3895 | D:5      | Found a transporter.
  4054 | D:5      | Found a transporter.
  4075 | D:5      | Reached skill level 1 in Stealth
  4080 | D:5      | Reached skill level 6 in Axes
  4922 | D:5      | HP: 3/62 [hound zombie (2)]
  4924 | D:5      | HP: 1/62 [hound zombie (2)]
  4964 | D:5      | Slain by a hound zombie

Skill      XL: |  1  2  3  4  5  6  7 |
---------------+----------------------+-----
Fighting       | 3 |  3.6
Shields        | 4 5 |  5.3
Axes           | 3 4 5 6 |  6.0
Armour         | 4 5 |  5.8
Dodging        | 1 |  1.0
Stealth        | 1 |  1.1

Action                   |  1- 3 |  4- 6 |  7- 9 || total
-------------------------+-------+-------+-------++-------
Melee: War axe           |    99 |   190 |   129 ||   418
 Abil: Heal Wounds       |     2 |     5 |     6 ||    13
  Use: Scroll            |     4 |     4 |     6 ||    14
       Potion            |       |     1 |     5 ||     6
  Eat: Chunk             |       |     2 |     1 ||     3
       Ration            |       |     1 |     2 ||     3
Armor: Scale mail        |    63 |    46 |       ||   109
       Plate armour      |       |    52 |   636 ||   688
Dodge: Dodged            |    55 |    43 |   248 ||   346
Block: Shield            |    97 |   139 |    61 ||   297
